Map: Data-C

Players

A.I. 1 (Very Easy)

  • Race: Protoss Protoss
  • Spawn Location: 3:00

Diavlo - Winner!

  • Race: Terran Terran
  • League: Platinum
  • Spawn Location: 9:00

VOD

Have the link to the VOD?

Description

Time

  • Played on: Aug. 31, 2022, 1:09 p.m.
  • Length: 8:11
Show
View Real Time Build Order
Export as new Build Order

A.I. 1 (Very Easy) Protoss 

Build Orders:  

Get SALT Encoding   

  6  0:00  Probe  
  13  0:13  Probe  
  14  0:19  Pylon  
  14  0:37  Assimilator  
  14  0:43  Gateway  
  14  0:46  Pylon  
  14  1:14  Assimilator  
  14  1:23  Probe  
  14  1:31  Probe  
  15  1:33  Cybernetics Core, Zealot  
  18  1:40  Probe  
  19  1:50  Probe, Warp Gate  
  20  2:02  Probe  
  21  2:14  Probe  
  22  2:46  Stalker  
  24  4:10  Probe  
  24  7:14  Probe  
  24  7:20  Adept  
  24  7:22  Pylon, Probe  
  21  7:30  Robotics Facility  
  21  7:31  Probe  
  18  7:39  Probe  
  15  7:47  Probe  
  10  7:54  Pylon  
Show
View Real Time Build Order
Export as new Build Order

Diavlo Terran - Winner!

Build Orders:  

Get SALT Encoding   

  6  0:03  SCV  
  13  0:15  SCV  
  13  0:19  Supply Depot  
  14  0:28  SCV  
  15  0:40  SCV  
  15  0:42  Barracks  
  16  0:44  Refinery  
  16  0:53  SCV  
  17  1:05  SCV  
  18  1:17  SCV  
  19  1:29  Orbital Command, Barracks Reactor  
  19  1:46  Command Center  
  19  1:58  Supply Depot  
  19  2:05  Factory  
  19  2:08  SCV  
  20  2:13  Marine  
  20  2:15  Marine  
  22  2:27  Barracks  
  22  2:29  SCV  
  23  2:34  Refinery  
  23  2:36  Marine  
  24  2:40  Marine  
  24  2:43  SCV  
  26  2:50  Factory Tech Lab  
  26  2:54  Marine  
  26  2:55  SCV  
  28  2:58  Marine  
  26  3:05  Orbital Command  
  32  3:12  Siege Tank  
  32  3:15  SCV  
  32  3:19  Barracks Tech Lab  
  33  3:25  Supply Depot  
  33  3:26  Marine  
  34  3:29  Marine  
  34  3:34  SCV x2  
  36  3:38  Marine  
  38  3:44  Marine  
  38  3:46  SCV  
  40  3:49  Supply Depot  
  40  3:52  Marine  
  41  3:56  Marine  
  41  3:58  Cyclone  
  41  4:00  SCV  
  41  4:02  SCV  
  47  4:04  Marine  
  48  4:11  Supply Depot  
  48  4:12  Combat Shield  
  48  4:13  Marine  
  48  4:15  SCV  
  50  4:18  SCV  
  50  4:21  Marine  
  52  4:27  SCV  
  52  4:29  Marine  
  52  4:30  SCV  
  55  4:34  Supply Depot  
  55  4:35  Starport  
  55  4:45  Barracks  
  55  4:47  Engineering Bay  
  55  4:50  SCV x2  
  57  4:53  Marine  
  57  4:54  Refinery  
  57  4:55  Marine  
  57  4:56  Marine  
  60  5:03  Siege Tank  
  63  5:07  Supply Depot  
  63  5:10  SCV x2  
  65  5:14  Starport Reactor  
  65  5:20  Marine x2  
  67  5:21  Marine  
  67  5:22  SCV  
  67  5:25  Terran Infantry Weapons Level 1  
  67  5:28  SCV  
  70  5:31  Stimpack  
  70  5:34  SCV  
  72  5:38  Barracks Reactor, Marine  
  72  5:39  Marine x2  
  72  5:40  SCV  
  75  5:46  SCV  
  76  5:52  SCV, Medivac x2  
  76  5:56  Marine  
  82  5:57  Marine x2  
  82  5:58  SCV  
  85  6:04  SCV  
  85  6:05  Supply Depot  
  85  6:06  Supply Depot  
  86  6:12  SCV, Widow Mine  
  86  6:14  Marine  
  86  6:15  Marine x2  
  86  6:16  SCV  
  93  6:20  Marine, Refinery  
  94  6:26  Marine  
  94  6:27  Supply Depot  
  94  6:31  Marine  
  94  6:32  Supply Depot  
  96  6:35  Marauder, Marine  
  96  6:37  SCV x2  
  96  6:38  Marine  
  102  6:50  Marine x2, Barracks  
  102  6:51  Medivac  
  106  6:55  Barracks, Siege Tank  
  106  6:56  Marauder  
  111  7:01  Supply Depot  
  111  7:03  Supply Depot  
  111  7:18  Marauder  
  113  7:24  Marine x4  
  117  7:32  Command Center  
  117  7:38  SCV x2  
  117  7:39  Marauder  
  117  7:41  Marine  
  120  7:49  Supply Depot  
  120  7:51  Supply Depot  
  120  7:52  Barracks Reactor x2  
Tags
 
League
Platinum
Matchup
PvT
Spawn Locations
Cross Positions
Add a new tag
Caveats
  • Supply blocks, unpowered buildings, or Contaminate may cause inaccurate times.
  • Supply counts are checked every 10 seconds.